 Dungeon Crawl Stone Soup version 0.27-a0-1154-gfdeffcb720 (webtiles) character file.

Game seed: 6139207392645481817

25 voltaire321 the Ducker (level 3, -8/28 HPs)
             Began as a Merfolk Gladiator on May 14, 2021.
             Killed by divine providence
             ... invoked by an orc priest
              (14 damage)
             ... on level 2 of the Dungeon.
             The game lasted 00:02:06 (1327 turns).

voltaire321 the Ducker (Merfolk Gladiator)          Turns: 1327, Time: 00:02:06

Health: -8/28      AC:  6    Str: 14    XL:     3   Next: 6%
Magic:  3/3        EV: 12    Int:  7    God:
Gold:   37         SH:  0    Dex: 16    Spells: 2/2 levels left

rFire    . . .     SeeInvis .   a - +0 long sword
rCold    . . .     Faith    .   (no shield)
rNeg     . . .     Spirit   .   k - +0 ring mail
rPois    .         Reflect  .   c - +0 helmet
rElec    .         Harm     .   (no cloak)
rCorr    .         Rampage  .   (no gloves)
Will     .....                  (no boots)
Stlth    +.........             (no amulet)
HPRegen  0.09/turn              (no ring)
MPRegen  0.08/turn              (no ring)

@: no status effects
A: (nimble swimmer 2), mertail
a: no special abilities


You were on level 2 of the Dungeon.
You visited 1 branch of the dungeon, and saw 2 of its levels.

You collected 37 gold pieces.

Inventory:

Hand Weapons
 a - a +0 long sword (weapon)
Missiles
 d - 3 throwing nets
 i - 8 poisoned darts (quivered)
Armour
 c - a +0 helmet (worn)
 k - a +0 ring mail (worn)
Scrolls
 b - a scroll of teleportation {unknown}
 f - a scroll of brand weapon {unknown}
 g - a scroll of identify {unknown}
 h - a scroll of noise {unknown}
 j - a scroll of vulnerability {unknown}
Potions
 e - a potion of ambrosia {unknown}


   Skills:
 + Level 2.3 Fighting
 + Level 4.1 Long Blades
 + Level 2.0 Throwing
 + Level 0.2 Armour
 + Level 4.3 Dodging


You had 2 spell levels left.
You didn't know any spells.
Your spell library contained the following spells:

 Spells                   Type           Power      Damage    Failure   Level
 Confusing Touch          Hex            0%         N/A       96%         3
 Gell's Gravitas          Tloc           0%         N/A       96%         3
 Petrify                  Tmut/Erth      0%         N/A       100%        4
 Metabolic Englaciation   Hex/Ice        0%         N/A       100%        5
 Yara's Violent Unravell  Hex/Tmut       0%         3d3       100%        5


Dungeon Overview and Level Annotations

Branches:
Dungeon (2/15)

Altars:


Innate Abilities, Weirdness & Mutations

((You are quick and stealthy near water. (Stealth+, EV+, Speed+++)))
Your lower body shifts to a powerful aquatic tail in water.


Message History

The orc priest invokes the aid of Beogh against you.
You barely resist.
The orc priest shouts!
The orc shouts!
You hear a shout!
The orc priest looks more healthy.
You hit the orc priest.
The orc priest is heavily wounded.
The orc priest hits you with a +0 club.
An orc comes into view. It is wielding a +0 dagger.
You closely miss the orc. The orc priest hits you with a +0 club.
You slash the orc!
You kill the orc!
Throw: 11 darts (poison)
Press: ? - help, Q - select action, (/) - cycle Shift-Dir - straight line, f/p - orc priest
Aim: an orc priest, wielding a +0 club and wearing a +0 leather armour (moderately wounded, 62% to hit)
You throw a poisoned dart.
The poisoned dart closely misses the orc priest.
The orc priest calls down the wrath of Beogh upon you.
Beogh smites you!
Throw: 10 darts (poison)
Press: ? - help, Q - select action, (/) - cycle Shift-Dir - straight line, f/p - orc priest
Aim: an orc priest, wielding a +0 club and wearing a +0 leather armour (moderately wounded, 62% to hit)
You throw a poisoned dart. The poisoned dart hits the orc priest.
The orc priest is poisoned.
The orc priest looks satisfied for a moment.
Throw: 9 darts (poison)
Press: ? - help, Q - select action, (/) - cycle Shift-Dir - straight line, f/p - orc priest
Aim: an orc priest, wielding a +0 club and wearing a +0 leather armour (moderately wounded, 62% to hit)
You throw a poisoned dart. The poisoned dart hits the orc priest.
The orc priest is poisoned.
The orc priest is moderately wounded.
You hit the orc priest but do no damage.
The orc priest is heavily wounded.
The orc priest hits you with a +0 club.
* * * LOW HITPOINT WARNING * * *
You hit the orc priest.
The orc priest is severely wounded.
The orc priest invokes the aid of Beogh against you.
Beogh smites you!
Ouch! That really hurt!
You die...

### ##.## ##...##
# #....@#
##.##.oo#########
..#
#...##((.oo.o.(.o
...
#......o########o
#.# #...##.## #.#
### ##'## #.#
##...## #.##
##.....## #..##
##.......#


You could see 2 orc priests and an orc.

Vanquished Creatures
  A dart slug (D:1)
  An orc (D:2)
  A ball python (D:2)
  4 endoplasms (D:1)
  A goblin (D:1)
  A hobgoblin (D:1)
  3 kobolds
  2 quokkas (D:1)
  4 bats
  3 rats (D:1)
21 creatures vanquished.

Notes
Turn   | Place    | Note
-------+----------+-------------------------------------------
     0 | D:1      | voltaire321 the Merfolk Gladiator began the quest for the
                  | Orb.
     0 | D:1      | Reached XP level 1. HP: 16/16 MP: 1/1
   218 | D:1      | Reached XP level 2. HP: 8/22 MP: 2/2
  1176 | D:2      | Found a faded altar of an unknown god.
  1262 | D:2      | Reached XP level 3. HP: 28/28 MP: 3/3
  1327 | D:2      | Killed from afar by an orc priest

Illustrated notes

Levels and vault maps discovered:
D:1:      kennysheep_arrival_forest, layout_loops_ring
D:2:      layout_loops_corners, ebering_ecumenical_altar_ruins

Skill      XL: |  1  2 |
---------------+-------+-----
Long Blades    | 4 |  4.1
Fighting       | |  2.3
Throwing       | |  2.0
Armour         | |  0.2
Dodging        | |  4.3

Action                   || total
-------------------------++-------
Melee: Long sword        ||    47
Throw: Dart              ||     4
 Stab: Sleeping          ||     1
Armor: Leather armour    ||     7
       Ring mail         ||     5
Dodge: Dodged            ||    22
       Rpst.: Long sword ||     6

Table legend: (Time is in decaauts)
 A = Elapsed time spent in this place.
 B = Non-inter-level travel time spent in this place.
 C = Inter-level travel time spent in this place.
 D = Time resting spent in this place.
 E = Time spent auto-exploring this place.
 F = Levels seen in this place.
 G = Mean time per level.
                   A        B        C        D        E       F      G
               +--------+--------+--------+--------+--------+-----+--------+
         Total |   1335 |   1335 |      0 |    289 |    821 |   2 |  667.5 |
       Dungeon |   1335 |   1335 |      0 |    289 |    821 |   2 |  667.5 |
               +--------+--------+--------+--------+--------+-----+--------+

Top non-repeatable levels by time:
     D:1: 1184 daAuts
     D:2: 151 daAuts
